 Dungeon Crawl Stone Soup version 0.29.0 (webtiles) character file.

Game seed: 941275742338057551

3125 Dorkslayer the Fighter (level 9, -14/82 HPs)
             Began as a Hill Orc Fighter on Aug 31, 2022.
             Was an Initiate of Gozag.
             Demolished by a boulder beetle (19 damage)
             ... on level 9 of the Dungeon.
             The game lasted 00:15:49 (7048 turns).

Dorkslayer the Fighter (Hill Orc Fighter)           Turns: 7048, Time: 00:15:50

Health: -14/82     AC: 25    Str: 21    XL:     9   Next: 92%
Magic:  9/9        EV:  7    Int: 12    God:    Gozag
Gold:   1202       SH:  5    Dex: 12    Spells: 8/8 levels left

rFire   . . .      SeeInvis .   s - +5 mace "Hafokaaji" {elec, rC+ Int+4}
rCold   + . .      Faith    .   c - +0 buckler
rNeg    . . .      Spirit   .   e - +0 plate armour
rPois   .          Reflect  .   (no helmet)
rElec   .          Harm     .   x - +2 cloak
rCorr   .          Rampage  .   v - +0 pair of gloves
Will    .....                   (no boots)
Stlth   ..........              (no amulet)
HPRegen 0.23/turn               h - +4 ring of protection
MPRegen 0.11/turn               C - +4 ring of protection

@: mighty, invisible
A: no striking features
a: Renounce Religion, Potion Petition, Call Merchant, Bribe Branch


You were on level 9 of the Dungeon.
You worshipped Gozag.
Gozag was most pleased with you.
You visited 2 branches of the dungeon, and saw 10 of its levels.

You collected 1332 gold pieces.
You paid 130 gold pieces to Gozag.

Inventory:

Hand Weapons
 a - a +1 war axe
 s - the +5 mace "Hafokaaji" (weapon) {elec, rC+ Int+4}
   (You found it on level 2 of the Dungeon)

   It occasionally discharges a powerful burst of electricity upon striking a
   foe.
   Int:       It affects your intelligence (+4).
   rC:        It protects you from cold.
Missiles
 u - 10 poisoned darts (quivered)
Armour
 c - a +0 buckler (worn)
 e - a +0 plate armour (worn)
 v - a +0 pair of gloves (worn)
 x - a +2 cloak (worn)
Jewellery
 g - a ring of willpower
 h - a +4 ring of protection (left hand)
 C - a +4 ring of protection (right hand)
Wands
 o - a wand of light (9)
 y - a wand of flame (38)
Scrolls
 b - a scroll of fear
 k - 3 scrolls of summoning
 m - 3 scrolls of teleportation
 q - 2 scrolls of identify
 t - a scroll of silence
 A - a scroll of brand weapon {unknown}
 B - a scroll of magic mapping
Potions
 d - 3 potions of might
 f - a potion of brilliance
 i - 2 potions of magic
 l - a potion of curing
 n - 2 potions of ambrosia
 p - 4 potions of mutation
 r - 2 potions of flight
 z - a potion of resistance {unknown}


   Skills:
 * Level 8.3 Fighting
 + Level 4.4(7.6) Axes
 + Level 8.0(8.4) Maces & Flails
 + Level 0.3 Throwing
 + Level 7.1 Armour
 * Level 4.3 Dodging
 + Level 0.4 Stealth
 + Level 5.1 Shields
 * Level 1.1 Evocations


You had 8 spell levels left.
You didn't know any spells.
Your spell library contained the following spells:

 Spells                   Type           Power      Damage    Failure   Level
 Apportation              Tloc           0%         N/A       100%        1
 Necrotise                Necr           0%         1d4       100%        1
 Summon Small Mammal      Summ           0%         N/A       100%        1


Dungeon Overview and Level Annotations

Branches:
Dungeon (9/15)             Temple (1/1) D:7
   Lair: D:8-11         Orc: D:9-12

Altars:
Ashenzari
Cheibriados
Dithmenos
Elyvilon
Fedhas
Gozag
Hepliaklqana
Kikubaaqudgha
Makhleb
Nemelex Xobeh
Okawaru
Qazlal
Ru
Sif Muna
Trog
Wu Jian
Xom
Yredelemnul
The Shining One


Message History

The boulder beetle stops rolling and uncurls.
You hit the boulder beetle but do no damage.
The boulder beetle is moderately wounded.
The boulder beetle bites you!
* * * LOW HITPOINT WARNING * * *
You feel much better.
The boulder beetle bites you but does no damage.
You feel very mighty all of a sudden.
The boulder beetle bites you but does no damage.
You strike the helpless boulder beetle from behind!
You hit the boulder beetle but do no damage.
The boulder beetle is moderately wounded.
The boulder beetle bites you!
* * * LOW HITPOINT WARNING * * *
You sock the boulder beetle!
The boulder beetle is moderately wounded.
The boulder beetle bites you.
* * * LOW HITPOINT WARNING * * *
You bludgeon the boulder beetle!!
The boulder beetle is severely wounded.
You block the boulder beetle's attack.
You strike the helpless boulder beetle from behind!
You hit the boulder beetle but do no damage.
Lightning courses through the boulder beetle!
The boulder beetle is almost dead.
You completely miss the boulder beetle.
The boulder beetle is almost dead.
The boulder beetle bites you but does no damage.
You hit the boulder beetle.
The boulder beetle is almost dead.
The boulder beetle bites you but does no damage.
You hit the boulder beetle.
The boulder beetle is almost dead.
The boulder beetle bites you!
* * * LOW HITPOINT WARNING * * *
You hit the boulder beetle but do no damage.
The boulder beetle is almost dead.
The boulder beetle bites you!!
You die...
Your body crumbles into a pile of gold.

#######+###
#.........#
#.!.......#
#.........#
#.........#
+.........#
#....B@...#
#.........#
#####'#####
#.# ##'####
#.....#
+.....#
#.....#
#.....#


You could see a boulder beetle (unable to see you).

Vanquished Creatures
  The ghost of Dorkslayer the Trooper, a novice HOFi of Gozag (D:4)
  Prince Ribbit (D:6)
  A wyvern (D:8)
  The ghost of MrRush the Chopper, an amateur MeFi of Fedhas (D:4)
  A steam dragon (D:7)
  Edmund (D:5)
  A water moccasin (D:5)
  An acid dragon (D:4)
  An orc warrior (D:8)
  A black bear (D:5)
  A centaur (D:7)
  2 bullfrogs
  3 scorpions
  2 necrophages
  4 wights (D:8)
  6 killer bees (D:9)
  A vampire bat (D:5)
  An orc priest (D:7)
  Crazy Yiuf (D:7)
  A gnoll bouda (D:7)
  2 hounds
  Natasha (twice) (D:2)
  An iguana (D:6)
  4 orc wizards
  A mummy (D:8)
  6 gnolls
  8 adders
  A shadow imp (D:6)
  An ufetubus (D:5)
  2 worms
  A dart slug (D:5)
  3 fire bats (D:5)
  16 orcs
  2 spectral bats (D:5)
  8 ball pythons
  11 bats
  3 bat skeletons (D:5)
  A bat zombie (D:5)
  7 endoplasms
  3 giant cockroaches
  7 goblins
  5 hobgoblins
  11 jackals
  6 kobolds
  4 quokkas
  A bat simulacrum (D:5)
  3 frilled lizards
  6 rats
158 creatures vanquished.

Notes
Turn   | Place    | Note
-------+----------+-------------------------------------------
     0 | D:1      | Dorkslayer the Hill Orc Fighter began the quest for the
                  | Orb.
     0 | D:1      | Reached XP level 1. HP: 19/19 MP: 1/1
   101 | D:1      | Reached XP level 2. HP: 23/27 MP: 2/2
   421 | D:1      | Reached XP level 3. HP: 33/33 MP: 3/3
   595 | D:1      | Found a faded altar of an unknown god.
  1062 | D:2      | Noticed Natasha
  1081 | D:2      | Killed Natasha
  1082 | D:2      | Reached XP level 4. HP: 22/41 MP: 4/4
  1461 | D:2      | Noticed Natasha
  1489 | D:2      | Killed Natasha
  1490 | D:2      | Reached skill level 1 in Dodging
  1499 | D:2      | Identified the +5 mace "Hafokaaji" {elec, rC+ Int+4}
  1751 | D:2      | Reached XP level 5. HP: 44/47 MP: 5/5
  2243 | D:3      | Found a basalt altar of Yredelemnul.
  2949 | D:4      | Found a shimmering blue altar of Sif Muna.
  2974 | D:4      | Found a runed translucent gate.
  2974 | D:4      | Found a runed translucent gate.
  2974 | D:4      | Found a runed translucent gate.
  2974 | D:4      | Noticed MrRush's ghost (amateur MeFi)
  2984 | D:4      | Noticed Dorkslayer's ghost (novice HOFi)
  3015 | D:4      | Killed Dorkslayer's ghost
  3016 | D:4      | Reached skill level 5 in Fighting
  3016 | D:4      | Reached XP level 6. HP: 7/56 MP: 6/6
  3016 | D:4      | Reached XP level 7. HP: 8/61 MP: 7/7
  3017 | D:4      | Killed MrRush's ghost
  3727 | D:5      | Entered Level 5 of the Dungeon
  3744 | D:5      | Identified a scroll of acquirement
  3744 | D:5      | Acquired 755 gold pieces
  3761 | D:5      | Reached XP level 8. HP: 70/70 MP: 8/8
  3794 | D:5      | Reached skill level 5 in Maces & Flails
  3794 | D:5      | Reached skill level 5 in Armour
  4063 | D:5      | Found an ornate altar of the Wu Jian Council.
  4264 | D:6      | Noticed Edmund
  4292 | D:5      | Killed Edmund
  4311 | D:6      | Found a white marble altar of Elyvilon.
  4373 | D:6      | Found a blossoming altar of Fedhas.
  4416 | D:6      | Found a burning altar of Makhleb.
  4431 | D:6      | Found a broken altar of Ashenzari.
  4431 | D:6      | Noticed Prince Ribbit
  4447 | D:6      | Reached XP level 9. HP: 12/79 MP: 9/9
  4448 | D:6      | Killed Prince Ribbit
  5149 | D:7      | Found an iron altar of Okawaru.
  5205 | D:7      | Reached skill level 5 in Shields
  5212 | D:7      | Found a staircase to the Ecumenical Temple.
  5224 | Temple   | Entered the Ecumenical Temple
  5445 | D:7      | Found a runed translucent door.
  5446 | D:7      | Noticed Crazy Yiuf
  5453 | D:7      | Killed Crazy Yiuf
  5490 | D:7      | Identified the +1 whip of Nuluicum {vorpal, rElec Dex+3}
  5552 | D:7      | Found a shadowy altar of Dithmenos.
  6145 | D:8      | Found a snail-covered altar of Cheibriados.
  6175 | D:8      | Found an opulent altar of Gozag.
  6188 | D:8      | Became a worshipper of Gozag Ym Sagoz the Greedy
  6927 | D:9      | Reached skill level 1 in Evocations
  7025 | D:9      | Noticed a boulder beetle
  7047 | D:9      | HP: 4/82 [boulder beetle (17)]
  7048 | D:9      | Demolished by a boulder beetle

Illustrated notes

Levels and vault maps discovered:
D:1:      kilobyte_arrival_exit_the_forest, layout_basic,
          shapermc_ecumenical_altar_hornbeckon, minmay_hexomino_u4
D:2:      layout_loops_corners, uniq_natasha
D:3:      layout_basic, amcnicky_altar_gilded
D:4:      layout_basic, nicolae_sif_muna_little_library,
          gammafunk_ghost_cemetery, minmay_statues_item
D:5:      layout_rooms, nicolae_wu_jian_wuxing_cycle, nrook_pool_corridor,
          goddamned_bats
D:6:      layout_rooms, mainiacjoe_overflow_brackets, bloody_makhleb,
          lemuel_round_altar, elyvilon_altar_4, serial_curves, eino_curves_04,
          eino_curves_03, eino_curves_02, eino_curves_02, uniq_prince_ribbit1,
          uniq_edmund
D:7:      layout_basic, lemuel_crystal_altar, kennysheep_mini_moat, temple_hall,
          uniq_crazy_yiuf_cottage
D:8:      layout_rooms, lemuel_doored_altar, slow_altar_1,
          dreamdust_princess_corridor
D:9:      layout_roguey, kennysheep_mini
Temple:   hellmonk_temple_forest_ring

Skill      XL: |  1  2  3  4  5  6  7  8  9 |
---------------+----------------------------+-----
Fighting       | 4 5 6 7 8 |  8.3
Axes           | 3 4 |  4.4
Dodging        | 1 2 3 4 |  4.3
Maces & Flails | 3 4 6 8 |  8.0
Armour         | 4 5 7 |  7.1
Shields        | 4 5 |  5.1
Evocations     | 1 |  1.1
Throwing       | |  0.3
Stealth        | |  0.4

Action                   |  1- 3 |  4- 6 |  7- 9 || total
-------------------------+-------+-------+-------++-------
Melee: War axe           |    83 |    34 |       ||   117
       Mace              |       |    71 |   297 ||   368
Throw: Dart              |       |       |     4 ||     4
Evoke: Wand              |       |       |     3 ||     3
  Use: Scroll            |       |     5 |    18 ||    23
       Potion            |       |     3 |     6 ||     9
 Stab: Invisible         |       |       |     3 ||     3
Armor: Scale mail        |    10 |       |       ||    10
       Plate armour      |    68 |    79 |   233 ||   380
Dodge: Dodged            |    31 |    30 |   101 ||   162
Block: Buckler           |    32 |    19 |    76 ||   127
